 Dungeon Crawl Stone Soup version 0.32-a0-872-g59262bdc9b (webtiles) character file.

Game seed: 4526944706640506196

41 Adrian566 the Covered (level 3, -2/31 HPs)
             Began as a Mountain Dwarf Fighter on Mar 30, 2024.
             Succumbed to Sigmund's poison
             ... on level 2 of the Dungeon.
             The game lasted 00:01:42 (1238 turns).

Adrian566 the Covered (Mountain Dwarf Fighter)      Turns: 1238, Time: 00:01:43

Health: -2/31      AC:  8    Str: 19 (20) XL:     3   Next: 32%
Magic:  3/3        EV:  8    Int:  6 (8)  God:
Gold:   77         SH:  3    Dex:  6 (9)  Spells: 2/2 levels left

rFire   . . .        a - +0 flail
rCold   . . .        c - +0 buckler
rNeg    . . .        b - +0 scale mail
rPois   .            (no helmet)
rElec   .            (no cloak)
rCorr   .            j - +0 pair of gloves
SInv    .            (no boots)
Will    .....        (no amulet) Stlth
                     (no ring)
HPRegen 0.25/turn    (no ring)
MPRegen 0.08/turn

%: no passive effects
@: lethally poisoned (-2 -> -14), hasted, invisible, very quick
A: runic magic, artefact enchanting
a: no special abilities


You were on level 2 of the Dungeon.
You visited 1 branch of the dungeon, and saw 2 of its levels.

You collected 77 gold pieces.

Inventory:

Hand Weapons
 a - a +0 flail (weapon)
Armour
 b - a +0 scale mail (worn)
 c - a +0 buckler (worn)
 j - a +0 pair of gloves (worn)
Scrolls
 e - a scroll of enchant weapon {unknown}
 k - a scroll of torment {unknown}
 l - a scroll of silence {unknown}
Potions
 d - a potion of might
 f - a potion of attraction


   Skills:
 + Level 3.4 Fighting
 + Level 3.2 Maces & Flails
 + Level 3.8 Armour
 + Level 0.2 Dodging
 + Level 3.7 Shields


You had 2 spell levels left.
You didn't know any spells.
Your spell library contained the following spells:

 Spells                   Type           Power      Damage    Failure   Level
 Anguish                  Hex/Necr       0%         N/A       100%        4
 Cause Fear               Hex            0%         N/A       100%        4
 Enfeeble                 Hex            0%         N/A       100%        7


Dungeon Overview and Level Annotations

Branches:
Dungeon (2/15)

Altars:
Xom

Annotations:
D:2 Sigmund


Innate Abilities, Weirdness & Mutations

Your spellcasting is much less encumbered by armour.
You can use scrolls of enchantment on lesser artefacts.


Message History

You closely miss Sigmund.
You feel very sick.
A hobgoblin comes into view.
Sigmund closely misses you.
A hobgoblin comes into view.
The hobgoblin moves out of view.
You closely miss Sigmund.
You feel sick. Sigmund hits you but does no damage.
You are more poisoned.
You sock Sigmund!
Sigmund is moderately wounded.
You feel very sick.
Sigmund hits you with a +2 scythe of venom.
You are lethally poisoned!
You are too injured to fight recklessly!
You are too injured to fight recklessly!
You are too injured to fight recklessly!
You are too injured to fight recklessly!
You are too injured to fight recklessly!
You are too injured to fight recklessly!
You are too injured to fight recklessly!
You are too injured to fight recklessly!
You are too injured to fight recklessly!
You are too injured to fight recklessly!
You are too injured to fight recklessly!
You are too injured to fight recklessly!
You are too injured to fight recklessly!
You are too injured to fight recklessly!
Unknown command.
It was a potion of degeneration.
There was something very wrong with that liquid.
You feel weakened.
You feel dopey.
You feel clumsy.
You feel very sick.
It was a potion of invisibility.
You fade into invisibility!
* * * LOW HITPOINT WARNING * * *
You feel very sick. Sigmund casts a spell at you. The puff of flame hits you.
* * * LOW HITPOINT WARNING * * *
It was a potion of haste.
You feel yourself speed up.
You die...

#..... ##.... ##
#... ... ..# ##.##
.# ..... ...##
#..## ### ######
#..###.....
###....###..@@o.#
##......'...###gg#
##.......##### .#
##.....#### ..
#....### .#
##...### ..
#....##gS # #[[.##
S?.# #...# .$#


You could see Sigmund (unable to see you), an orc (unable to see you) and 2
hobgoblins.

Vanquished Creatures
  A gnoll (D:1)
  A ribbon worm (D:2)
  5 endoplasms
  A giant cockroach (D:1)
  A goblin (D:1)
  2 hobgoblins (D:1)
  A quokka (D:1)
  3 ball pythons (D:1)
  7 bats
  2 frilled lizards (D:1)
  4 kobolds (D:1)
  3 rats
31 creatures vanquished.

Notes
Turn   | Place    | Note
-------+----------+-------------------------------------------
     0 | D:1      | Adrian566 the Mountain Dwarf Fighter began the quest for
                  | the Orb.
     0 | D:1      | Reached XP level 1. HP: 19/19 MP: 1/1
   206 | D:1      | Reached XP level 2. HP: 26/26 MP: 2/2
   528 | D:1      | Reached XP level 3. HP: 31/31 MP: 3/3
   671 | D:1      | Found a faded altar of an unknown god.
  1018 | D:2      | Found a shimmering altar of Xom.
  1231 | D:2      | Noticed Sigmund
  1237 | D:2      | HP: 1/31 [Sigmund/puff of flame (5)]
  1238 | D:2      | Succumbed to Sigmund's poison

Illustrated notes

Levels and vault maps discovered:
D:1:      zelgadis_glass_arrival_small, layout_loops_ring,
          serial_co_window_serial, co_window_paths_b, co_window_corner_a,
          co_window_paths_b, co_window_corner_a, co_window_of_opportunity_a,
          co_window_cross_2, co_window_2corner, co_window_of_opportunity_b,
          glass_columns_a, glass_columns_c, basic_ecumenical_altar,
          minmay_misc_feat_enclosed, hangedman_feature_mirror,
          chequers_mini_garden, serial_bayou_pond_e, minmay_tripent
D:2:      layout_rooms, basic_altar, lightli_corner_chamber, uniq_sigmund

Skill      XL: |  1  2  3 |
---------------+----------+-----
Maces & Flails | 3 |  3.2
Fighting       | |  3.4
Armour         | |  3.8
Dodging        | |  0.2
Shields        | |  3.7

Action                     || total
---------------------------++-------
  Melee: Flail             ||    88
    Use: Potion            ||     3
         Scroll            ||     1
 Armour: Scale mail        ||    75
  Dodge: Dodged            ||    43
  Block: Buckler           ||    17

Table legend: (Time is in decaauts)
 A = Elapsed time spent in this place.
 B = Non-inter-level travel time spent in this place.
 C = Inter-level travel time spent in this place.
 D = Time resting spent in this place.
 E = Time spent auto-exploring this place.
 F = Levels seen in this place.
 G = Mean time per level.
                   A        B        C        D        E       F      G
               +--------+--------+--------+--------+--------+-----+--------+
         Total |   1266 |   1250 |     16 |      0 |    996 |   2 |  633.0 |
       Dungeon |   1266 |   1250 |     16 |      0 |    996 |   2 |  633.0 |
               +--------+--------+--------+--------+--------+-----+--------+

Top non-repeatable levels by time:
     D:1: 1041 daAuts
     D:2: 225 daAuts
